[Event "Late-Titled-Tuesday-Blitz-December-26-2023"]
[Site "Chess.com"]
[Date "2023.12.26"]
[Round "3"]
[White "frequentblunders"]
[Black "czasnaszachy"]
[Result "0-1"]
[WhiteElo "2124"]
[BlackElo "2400"]
[TimeControl "180+1"]
[EndTime "14:24:58 PST"]
[Termination "czasnaszachy won by resignation"]

1. g3 d5 2. Bg2 e5 3. d3 Nf6 4. Nd2 Nc6 5. e4 g6 6. Ne2 Bg7 7. O-O O-O 8. h3 Re8 9. c3 h6 10. a4 a5 11. Qc2 Be6 12. Kh2 Qd7 13. exd5 Bxd5 14. Ne4 Nxe4 15. dxe4 Bc4 16. Be3 Rad8 17.
Rfd1 Qe6 18. Nc1 Rxd1 19. Qxd1 Rd8 20. Qc2 Qd7 21. b3 Be6 22. Ne2 Qd3 23. Qxd3 Rxd3 24.
Rb1 Bf8 25. c4 h5 26. f4 Rxe3 0-1

[Event "Late-Titled-Tuesday-Blitz-December-26-2023"]
[Site "Chess.com"]
[Date "2023.12.26"]
[Round "3"]
[White "carokannlover213"]
[Black "GABUZYAN_CHESSMOOD"]
[Result "1/2-1/2"]
[WhiteElo "2682"]
[BlackElo "2896"]
[TimeControl "180+1"]
[EndTime "14:25:14 PST"]
[Termination "Game drawn by agreement"]

1. e4 c5 2. Nf3 e6 3. d4 cxd4 4. Nxd4 a6 5. a3 Nc6 6. Nc3 Nf6 7. Be3 d5 8. exd5 Nxd5 9. Nxd5 Qxd5 10. Be2 Bd7 11.
Bf3 Qe5 12. Nxc6 Bxc6 13. Bxc6+ bxc6 14. O-O Bd6 15. g3 Bc5 16. Bf4 Qd5 17. c4 Qxd1 18.
Raxd1 a5 19. Bd6 Bxd6 20. Rxd6 Rc8 21. Re1 Ke7 1/2-1/2

[Event "Late-Titled-Tuesday-Blitz-December-26-2023"]
[Site "Chess.com"]
[Date "2023.12.26"]
[Round "3"]
[White "MPCandelario"]
[Black "carloseduar100"]
[Result "1-0"]
[WhiteElo "2661"]
[BlackElo "2282"]
[TimeControl "180+1"]
[EndTime "14:25:37 PST"]
[Termination "MPCandelario won by resignation"]

1. e4 e6 2. d4 d5 3. Nc3 Nf6 4. Bg5 Be7 5. e5 Nfd7 6. h4 c5 7. Bxe7 Qxe7 8. Nb5 Nb6 9. Nd6+ Kd8 10. dxc5 N6d7 11. Nf3 Nc6 12. Qd2 Ndxe5 13. Nxe5 Nxe5 14.
O-O-O Nc6 15. Bb5 f6 16. c4 a6 17. cxd5 1-0

[Event "Late-Titled-Tuesday-Blitz-December-26-2023"]
[Site "Chess.com"]
[Date "2023.12.26"]
[Round "3"]
[White "boracilek"]
[Black "aa175"]
[Result "0-1"]
[WhiteElo "2456"]
[BlackElo "2658"]
[TimeControl "180+1"]
[EndTime "14:25:43 PST"]
[Termination "aa175 won by resignation"]

1. d4 Nf6 2. Bf4 c5 3. d5 Qb6 4. Nc3 Qxb2 5. Bd2 Qb6 6. e4 e5 7. Rb1 Qd8 8. f4 d6 9. fxe5 dxe5 10. Nf3 Bd6 11. Bb5+ Bd7 12. Bd3 Qc7 13. O-O c4 14. Be2 O-O 15. Qe1 b5 16. Kh1 b4 17. Nd1 c3 18. Be3 Nxe4 19. Qh4 f5 20. Bd3 Nf6 21. Ng5 e4 22. Be2 h6 23. Ne6 Bxe6 24. dxe6 Nd5 25. Bd4 Nc6 26. Bg1 Qe7 27. Bc4 Qxh4 28. Bxd5 Ne7 29.
Bxa8 Rxa8 30. Ne3 f4 31. Nc4 Nf5 0-1

[Event "Late-Titled-Tuesday-Blitz-December-26-2023"]
[Site "Chess.com"]
[Date "2023.12.26"]
[Round "3"]
[White "almaguerjm"]
[Black "Byniolus"]
[Result "0-1"]
[WhiteElo "2490"]
[BlackElo "2808"]
[TimeControl "180+1"]
[EndTime "14:25:54 PST"]
[Termination "Byniolus won by checkmate"]

1. e4 d6 2. Nf3 Nf6 3. Nc3 Bg4 4. Bc4 e6 5. d4 Be7 6. h3 Bh5 7. O-O O-O 8. e5 Nfd7 9. Re1 d5 10. Bf1 c5 11. g4 Bg6 12. Ne2 cxd4 13. Nf4 Nc6 14. Nxg6 fxg6 15. Bd3 Qc7 16. Qe2 Rf7 17. Ng5 Bxg5 18.
Bxg5 Ndxe5 19. Kg2 Nf3 20. Qxe6 Nxg5 21. Qxd5 Qf4 22. Re2 Rd8 23. Qb3 Qf3+ 24. Kg1 Nxh3+ 25. Kh2 Nf4 26. Bc4 Qg2# 0-1

[Event "Late-Titled-Tuesday-Blitz-December-26-2023"]
[Site "Chess.com"]
[Date "2023.12.26"]
[Round "3"]
[White "SCIM"]
[Black "hsd2016"]
[Result "0-1"]
[WhiteElo "2503"]
[BlackElo "2270"]
[TimeControl "180+1"]
[EndTime "14:26:07 PST"]
[Termination "hsd2016 won by resignation"]

1. d4 d5 2. c4 c6 3. Nf3 Nf6 4. g3 e6 5. Bg2 Nbd7 6. O-O a6 7. Nbd2 b5 8. b3 Bd6 9. Bb2 O-O 10. Qc2 Bb7 11. e4 dxe4 12. Nxe4 Nxe4 13. Qxe4 Nf6 14. Qh4 Be7 15. Rad1 Qa5 16. a3 bxc4 17. bxc4 Qa4 18. Ne5 Rfe8 19. Rfe1 Rab8 20. Bc1 Nd7 21. Qg4 Nxe5 22.
dxe5 c5 23. Bh6 Bf8 24. Bxb7 Rxb7 25. Rd3 Qc2 26. Red1 Rb1 27. h4 Qxd3 28. Rxb1 Qxb1+ 29. Kh2 Qg6 0-1

[Event "Late-Titled-Tuesday-Blitz-December-26-2023"]
[Site "Chess.com"]
[Date "2023.12.26"]
[Round "3"]
[White "AlexNovitz"]
[Black "cthulhuuu"]
[Result "0-1"]
[WhiteElo "2209"]
[BlackElo "2454"]
[TimeControl "180+1"]
[EndTime "14:26:07 PST"]
[Termination "cthulhuuu won by resignation"]

1. e4 d6 2. d4 Nf6 3. Nc3 c6 4. f4 Qb6 5. Nf3 Bg4 6. Be2 e6 7. O-O d5 8. e5 Nfd7 9. Kh1 c5 10. dxc5 Nxc5 11. Rb1 Nc6 12. Nd4 Bxe2 13. Ncxe2 g6 14. Nxc6 bxc6 15. Be3 Qa6 16. a3 Ne4 17. Qd3 Qxd3 18. cxd3 Bc5 19. Bxc5 Nxc5 20. Rfd1 Kd7 21. Nd4 Nb7 22. b4 c5 23. bxc5 Nxc5 24. Rbc1 Rhc8 25. Nb5 Nxd3 26. Rxc8 Rxc8 27. Nxa7 Nf2+ 28. Kg1 Nxd1 29. Nxc8 Kxc8 30. Kf1 Ne3+ 31. Ke2 Nc4 32. Kf3 Nxa3 0-1

[Event "Late-Titled-Tuesday-Blitz-December-26-2023"]
[Site "Chess.com"]
[Date "2023.12.26"]
[Round "3"]
[White "Pertinhez76"]
[Black "Dr_crypt"]
[Result "1/2-1/2"]
[WhiteElo "2069"]
[BlackElo "2362"]
[TimeControl "180+1"]
[EndTime "14:26:08 PST"]
[Termination "Game drawn by repetition"]

1. d4 e6 2. Nf3 b6 3. e4 d5 4. e5 c5 5. c3 Qd7 6. a4 Ba6 7.
Nbd2 Bxf1 8. Nxf1 Nc6 9. Ne3 cxd4 10. cxd4 Bb4+ 11. Bd2 Nge7 12. O-O Rc8 13. Qe2 O-O 14. Rfd1 Rc7 15. h3 Rfc8 16. g4 h6 17. Kg2 Ng6 18. Kg3 Be7 19. Qb5 Bg5 20. Rdc1 Bf4+ 21. Kg2 Qd8 22.
Rc3 Na5 23. Rxc7 Rxc7 24. Bxa5 bxa5 25. Qxa5 Qb8 26. Qd2 Qb3 27. Ra3 Qb6 28. Rc3 Bg5 29.
Kg3 Bf4+ 30. Kg2 Bg5 31. Kg3 Bf4+ 32. Kg2 1/2-1/2

[Event "Late-Titled-Tuesday-Blitz-December-26-2023"]
[Site "Chess.com"]
[Date "2023.12.26"]
[Round "3"]
[White "RamyresCoelho"]
[Black "ChessSwole"]
[Result "0-1"]
[WhiteElo "2287"]
[BlackElo "2680"]
[TimeControl "180+1"]
[EndTime "14:26:11 PST"]
[Termination "ChessSwole won by resignation"]

1. e4 e6 2. d4 d5 3. Nc3 Be7 4. e5 c5 5. Nf3 Nc6 6. Be3 cxd4 7.
Bxd4 Nh6 8. Bd3 Nxd4 9. Nxd4 Qb6 10. O-O Bd7 11. Nb3 g6 12. Qd2 Nf5 13. Bxf5 gxf5 14. Nd4 O-O-O 15. a4 a6 16. a5 Qc7 17. f4 Rhg8 18. Na4 Kb8 19. Nb6 Bc5 20. c3 Bb5 21.
Rf3 Rg6 22. Kh1 Rdg8 23. Nxb5 axb5 24. g3 h5 25. Qd3 Bxb6 26. axb6 Qxb6 27. b4 h4 28. Ra5 hxg3 29. Rxg3 Rxg3 30. hxg3 Qf2 0-1

[Event "Late-Titled-Tuesday-Blitz-December-26-2023"]
[Site "Chess.com"]
[Date "2023.12.26"]
[Round "3"]
[White "Hikaru"]
[Black "Rodalquilar"]
[Result "1-0"]
[WhiteElo "3232"]
[BlackElo "2758"]
[TimeControl "180+1"]
[EndTime "14:26:12 PST"]
[Termination "Hikaru won on time"]

1. Nf3 d5 2. e3 Nf6 3. c4 e6 4.
b3 c5 5. Bb2 Nc6 6. cxd5 exd5 7. Bb5 Bd6 8. O-O O-O 9. d4 cxd4 10. Nxd4 Bc7 11. Nd2 Nxd4 12. Bxd4 Qd6 13. g3 Bh3 14. Re1 Rfc8 15. Bf1 Bxf1 16. Rxf1 Ba5 17. Bxf6 Qxf6 18. Nf3 Rc5 19. a3 Bc3 20. b4 Rcc8 21. Rc1 Rd8 22. Kg2 Bb2 23. Rb1 Bc3 24. Qd3 d4 25. Rb3 Qe6 26.
Rfb1 Qd5 27. exd4 Bxd4 28. Rd1 Qc6 29. b5 1-0

[Event "Late-Titled-Tuesday-Blitz-December-26-2023"]
[Site "Chess.com"]
[Date "2023.12.26"]
[Round "3"]
[White "Andrej2004"]
[Black "DinaBelenkaya"]
[Result "1-0"]
[WhiteElo "2568"]
[BlackElo "2400"]
[TimeControl "180+1"]
[EndTime "14:26:12 PST"]
[Termination "Andrej2004 won by resignation"]

1. Nf3 d5 2. b3 c6 3. Bb2 Nf6 4. g3 g6 5. Bg2 Bg7 6. O-O O-O 7. c4 Re8 8. d3 Nbd7 9. Nbd2 e5 10. cxd5 cxd5 11. e4 d4 12. Nc4 Re6 13. Bh3 Rc6 14.
Bg2 b5 15. Ncxe5 Nxe5 16. Nxe5 Rc5 17. Nf3 Ne8 18. h3 Bb7 19. Qd2 Rac8 20. Rac1 a5 21. Rxc5 Rxc5 22. Rc1 Qd6 23. Rxc5 Qxc5 24. Qxa5 Qc2 25.
Qd2 Qc5 26. b4 Qd6 27. a3 Bc8 28. Qc2 Be6 29. Qc5 Qxc5 30. bxc5 Ba2 31. Bxd4 Bb1 32.
Bxg7 Nxg7 33. d4 Bxe4 34. Ne5 Bxg2 35. Kxg2 Ne6 36. c6 Kf8 37. d5 Nc7 38. d6 Nd5 39. c7 Nb6 40. d7 1-0

[Event "Late-Titled-Tuesday-Blitz-December-26-2023"]
[Site "Chess.com"]
[Date "2023.12.26"]
[Round "3"]
[White "severomorskij"]
[Black "MaestroCheck"]
[Result "1-0"]
[WhiteElo "2887"]
[BlackElo "2578"]
[TimeControl "180+1"]
[EndTime "14:26:13 PST"]
[Termination "severomorskij won by resignation"]

1. d4 d5 2. c4 c6 3. Nc3 Nf6 4. Nf3 e6 5. Bg5 Be7 6. e3 O-O 7. Bd3 h6 8. Bf4 dxc4 9. Bxc4 b5 10. Bd3 Bb7 11. O-O Nbd7 12. Ne5 b4 13. Na4 c5 14.
Nxd7 Nxd7 15. dxc5 Nxc5 16. Nxc5 Bxc5 17. Qe2 Qb6 18.
Qg4 Kh8 19. Be5 f6 20. Qg6 Kg8 21. Qh7+ Kf7 22. Bg6+ Ke7 23. Qxg7+ Kd8 24. Rfd1+ Bd5 25. Bxf6+ Kc8 26. Rac1 Bc6 27. Be7 Bxe7 28. Qxe7 1-0

[Event "Late-Titled-Tuesday-Blitz-December-26-2023"]
[Site "Chess.com"]
[Date "2023.12.26"]
[Round "3"]
[White "Walter_White_Poland"]
[Black "Road2GM3000"]
[Result "1-0"]
[WhiteElo "2279"]
[BlackElo "2485"]
[TimeControl "180+1"]
[EndTime "14:26:15 PST"]
[Termination "Walter_White_Poland won by checkmate"]

1. d4 d5 2. Bf4 Nf6 3. e3 c6 4. c3 Bf5 5. Nd2 e6 6. Ngf3 Nbd7 7. Be2 Be7 8. Nh4 Be4 9. Nxe4 Nxe4 10. Nf3 h5 11. h3 g5 12. Bh2 g4 13. Ne5 gxh3 14. Bxh5 Nxe5 15. Bxe5 hxg2 16. Rg1 Rg8 17. Qf3 Ng5 18. Qxg2 Nf3+ 19. Qxf3 Rxg1+ 20. Ke2 Rxa1 21. Bxf7+ Kd7 22. Bxe6+ Kxe6 23. Qg4+ Kf7 24. Qh5+ Kg8 25. Qg6+ Kf8 26. Bg7+ Kg8 27. Bh6+ Kh8 28. Qg7# 1-0

[Event "Late-Titled-Tuesday-Blitz-December-26-2023"]
[Site "Chess.com"]
[Date "2023.12.26"]
[Round "3"]
[White "Thjop"]
[Black "Vision_64"]
[Result "1-0"]
[WhiteElo "2687"]
[BlackElo "2295"]
[TimeControl "180+1"]
[EndTime "14:26:16 PST"]
[Termination "Thjop won on time"]

1. e4 e6 2. d4 d5 3. Nd2 Nc6 4.
Ngf3 Nf6 5. e5 Nd7 6. Bd3 Nb4 7. Be2 c5 8. c3 Nc6 9. O-O Be7 10. Re1 f6 11. exf6 Nxf6 12. Nf1 O-O 13. Ng3 cxd4 14.
cxd4 Bd6 15. Be3 Kh8 16. a3 Bxg3 17. hxg3 Ne4 18. Nd2 Nd6 19. g4 Bd7 20. Rc1 e5 21.
dxe5 Nxe5 22. Bd4 Nc6 23. Bc5 Qf6 24. Nf3 Bxg4 25. Qxd5 Rfd8 26. Qg5 Ne4 27. Qxg4 Nxc5 28. Rxc5 1-0

[Event "Late-Titled-Tuesday-Blitz-December-26-2023"]
[Site "Chess.com"]
[Date "2023.12.26"]
[Round "3"]
[White "chegueps"]
[Black "rhungaski"]
[Result "1-0"]
[WhiteElo "2780"]
[BlackElo "2476"]
[TimeControl "180+1"]
[EndTime "14:26:17 PST"]
[Termination "chegueps won on time"]

1. d4 Nf6 2. c4 e5 3. dxe5 Ng4 4. e3 Nxe5 5. f4 Nec6 6. Nf3 Bb4+ 7. Bd2 a5 8. Bd3 Na6 9. Nc3 Nc5 10. Bc2 d6 11.
O-O Bg4 12. a3 Bxc3 13. Bxc3 f6 14. h3 Be6 15. Qe2 a4 16. Nd4 Bf7 17. Nf5 Kf8 18. Qg4 Bg6 19. e4 Qd7 20. e5 Nb3 21. exf6 gxf6 22.
Rae1 Rg8 23. Bxf6 1-0

[Event "Late-Titled-Tuesday-Blitz-December-26-2023"]
[Site "Chess.com"]
[Date "2023.12.26"]
[Round "3"]
[White "bipe137"]
[Black "sofaceindisguise"]
[Result "0-1"]
[WhiteElo "2537"]
[BlackElo "2722"]
[TimeControl "180+1"]
[EndTime "14:26:18 PST"]
[Termination "sofaceindisguise won by checkmate"]

1. d4 Nf6 2. c4 e6 3. Nc3 Bb4 4. f3 d5 5. a3 Be7 6. e4 dxe4 7. fxe4 e5 8. d5 O-O 9. Nf3 Bg4 10. Be2 a5 11.
Be3 Nbd7 12. O-O Bc5 13. Qd2 a4 14. Kh1 Bxf3 15. gxf3 Bxe3 16. Qxe3 Nh5 17. Rac1 b6 18. Bd1 Nc5 19. Ne2 Qf6 20. Rg1 g6 21. Bc2 Rac8 22.
Rg5 c6 23. Rcg1 cxd5 24. Rxh5 d4 25. Qf2 d3 26. Ng3 dxc2 27. Rf5 gxf5 28. Nh5+ Qg6 29.
Qxc2 fxe4 30. Qd2 Kh8 31. Rxg6 fxg6 32. Qg5 gxh5 33. Qxe5+ Kg8 34. Qg5+ Kf7 35. Qxh5+ Ke6 36. Qd5+ Ke7 37. fxe4 Rg8 38. e5 Rcd8 39. Qf3 Rdf8 40.
Qh3 Rf7 41. Qh4+ Kd7 42. Qd4+ Kc8 43. h4 Rd7 44. Qf4 Rd3 45. Qf5+ Kb8 46. e6 Rd1+ 47. Kh2 Rd2+ 48. Kh1 Nd3 49. e7 Nf2+ 50. Kh2 Ne4+ 51. Kh3 Rg3# 0-1

[Event "Late-Titled-Tuesday-Blitz-December-26-2023"]
[Site "Chess.com"]
[Date "2023.12.26"]
[Round "3"]
[White "BeardedNM"]
[Black "Zadar321"]
[Result "0-1"]
[WhiteElo "2166"]
[BlackElo "2413"]
[TimeControl "180+1"]
[EndTime "14:26:19 PST"]
[Termination "Zadar321 won by resignation"]

1. e4 c5 2. Nf3 d6 3. d4 cxd4 4. Nxd4 Nf6 5. Nc3 a6 6. Be3 e6 7. f3 b5 8. a3 Nbd7 9. g4 Bb7 10. Qd2 Nb6 11. g5 Nfd7 12. O-O-O Rc8 13. h4 Be7 14. h5 Ne5 15. Qg2 Nbc4 16. Bf4 O-O 17. g6 Qa5 18. Nb3 Qb6 19. h6 fxg6 20. Bxe5 dxe5 21. hxg7 Rf7 22. Bxc4 bxc4 23. Rxh7 Qe3+ 24. Nd2 Kxh7 25.
Rh1+ Kxg7 26. Qh2 Qf4 27. Qh7+ Kf6 28. Qh3 Rd8 0-1

[Event "Late-Titled-Tuesday-Blitz-December-26-2023"]
[Site "Chess.com"]
[Date "2023.12.26"]
[Round "3"]
[White "rezamahdavi2008"]
[Black "Kleyton_Lima"]
[Result "1-0"]
[WhiteElo "2859"]
[BlackElo "2571"]
[TimeControl "180+1"]
[EndTime "14:26:20 PST"]
[Termination "rezamahdavi2008 won by resignation"]

1. Nf3 c5 2. c4 Nf6 3. Nc3 d5 4. cxd5 Nxd5 5. e3 Nxc3 6. dxc3 Qxd1+ 7. Kxd1 Nc6 8. e4 Bd7 9. Kc2 e6 10. Bf4 O-O-O 11. Rd1 Be7 12. Be2 f6 13. Rd2 g5 14.
Be3 Be8 15. Rhd1 Bg6 16. Rxd8+ Rxd8 17. Rxd8+ Kxd8 18. Nd2 h5 19. a3 f5 20. f3 g4 21.
b4 cxb4 22. axb4 b6 23. b5 Nb8 24. exf5 Bxf5+ 25. Bd3 Bxd3+ 26. Kxd3 Nd7 27. Bf4 Nc5+ 28. Ke3 Bf6 29. c4 a5 30. bxa6 Nxa6 31. Ne4 Be7 32. fxg4 hxg4 33. Be5 Nb4 34. Bd4 Kc7 35. Kf4 Nc6 36. Bc3 Bd6+ 37. Nxd6 Kxd6 38. Kxg4 Kc5 39. h4 Kxc4 40. Bf6 e5 41. h5 Nd4 42. h6 1-0

[Event "Late-Titled-Tuesday-Blitz-December-26-2023"]
[Site "Chess.com"]
[Date "2023.12.26"]
[Round "3"]
[White "TEREZANA"]
[Black "seasidesunset"]
[Result "1-0"]
[WhiteElo "2515"]
[BlackElo "2224"]
[TimeControl "180+1"]
[EndTime "14:26:21 PST"]
[Termination "TEREZANA won on time"]

1. d4 Nf6 2. Nf3 g6 3. Bg5 Bg7 4. Nbd2 c5 5. Bxf6 Bxf6 6. Ne4 Qa5+ 7. c3 Qb6 8. Nxf6+ exf6 9. Qd2 d6 10. Qe3+ Kf8 11.
Qh6+ Kg8 12. O-O-O Bf5 13. e4 Bxe4 14. h4 Nc6 15.
Nd2 Bf5 16. Nc4 Qa6 17. g4 Bxg4 18. Ne3 Qxa2 19. Nxg4 Qe6 20. Bh3 cxd4 21. Ne3 Qb3 22. Nf5 1-0

[Event "Late-Titled-Tuesday-Blitz-December-26-2023"]
[Site "Chess.com"]
[Date "2023.12.26"]
[Round "3"]
[White "INLOVEWITHF"]
[Black "MelihKaanCan"]
[Result "0-1"]
[WhiteElo "2532"]
[BlackElo "2383"]
[TimeControl "180+1"]
[EndTime "14:26:24 PST"]
[Termination "MelihKaanCan won by resignation"]

1. h4 d5 2. a4 e5 3. d4 exd4 4. Qxd4 Nc6 5. Qd3 Nf6 6. c3 Bc5 7. b4 Bd6 8. h5 Ne5 9. Qe3 O-O 10. h6 g6 11. Nf3 Nc4 12. Qg5 Bf5 13. Nd4 Bxb1 14.
Rxb1 Ne4 15. Qxd5 Nxf2 16. Bg5 Bg3 17. e4 Nxe4+ 0-1

[Event "Late-Titled-Tuesday-Blitz-December-26-2023"]
[Site "Chess.com"]
[Date "2023.12.26"]
[Round "3"]
[White "jefferyx"]
[Black "GMthekingindian"]
[Result "1-0"]
[WhiteElo "3014"]
[BlackElo "2310"]
[TimeControl "180+1"]
[EndTime "14:26:26 PST"]
[Termination "jefferyx won by resignation"]

1. e4 c5 2. Nf3 d6 3. Nc3 Nf6 4. d4 cxd4 5. Qxd4 a6 6. Nd5 Nc6 7. Nxf6+ gxf6 8. Qd3 b5 9. Be2 Bb7 10. a4 b4 11. O-O Rg8 12. Bd2 e6 13. c3 d5 14. exd5 Qxd5 15. Qxd5 exd5 16. Bd3 Bd6 17. Rfe1+ Ne5 18. Nd4 O-O-O 19. Bxh7 Rh8 20. Bf5+ Kb8 21.
b3 Nc6 22. Nxc6+ Bxc6 23. h3 Be5 24. Rac1 Bb7 25. cxb4 Rhg8 26. g4 d4 27. f4 Bc7 28.
Re7 Rh8 29. Rcxc7 1-0

[Event "Late-Titled-Tuesday-Blitz-December-26-2023"]
[Site "Chess.com"]
[Date "2023.12.26"]
[Round "3"]
[White "baag"]
[Black "Manukyan_Artak"]
[Result "1-0"]
[WhiteElo "2834"]
[BlackElo "2609"]
[TimeControl "180+1"]
[EndTime "14:26:31 PST"]
[Termination "baag won by resignation"]

1. d4 d5 2. c4 dxc4 3. e3 e5 4. Bxc4 exd4 5. exd4 Nf6 6. Nf3 Be7 7. O-O O-O 8. h3 c5 9. Nc3 a6 10. a4 Nc6 11. Be3 cxd4 12. Nxd4 Ne5 13. Bb3 Bb4 14. Qe2 Re8 15. Rfd1 Qe7 16. Nd5 Nxd5 17. Bxd5 Ng6 18. Qc4 a5 19. Rac1 Ne5 20. Qc7 Bd6 21. Qxe7 Rxe7 22.
Nb5 Bb4 23. Nc7 Rxc7 24. Rxc7 Bd6 25. Bxb7 1-0

[Event "Late-Titled-Tuesday-Blitz-December-26-2023"]
[Site "Chess.com"]
[Date "2023.12.26"]
[Round "3"]
[White "Zapateado"]
[Black "maurovargas01"]
[Result "1-0"]
[WhiteElo "2347"]
[BlackElo "1840"]
[TimeControl "180+1"]
[EndTime "14:26:31 PST"]
[Termination "Zapateado won on time"]

1. c4 e5 2. g3 Nc6 3. Bg2 f5 4. Nc3 Nf6 5. e3 Bb4 6. Nge2 O-O 7. Nd5 Nxd5 8. cxd5 Ne7 9. Qb3 Bd6 10. d4 e4 11. O-O Qe8 12. f3 exf3 13. Bxf3 b6 14. Nc3 a6 15. Bd2 Bb7 16. Ne2 g5 17. Bb4 Bxb4 18.
d6+ Kh8 19. dxe7 Bxe7 20. Bxb7 Rb8 21. Bg2 Qh5 22. Rae1 Bd6 23. Qd5 1-0

[Event "Late-Titled-Tuesday-Blitz-December-26-2023"]
[Site "Chess.com"]
[Date "2023.12.26"]
[Round "3"]
[White "pedromartinez91"]
[Black "PawnStorn"]
[Result "1-0"]
[WhiteElo "2545"]
[BlackElo "2349"]
[TimeControl "180+1"]
[EndTime "14:26:37 PST"]
[Termination "pedromartinez91 won by resignation"]

1. Nf3 d5 2. g3 Nf6 3. Bg2 Nc6 4. d3 e5 5. O-O Be7 6. e4 dxe4 7. dxe4 Qxd1 8. Rxd1 Bg4 9. c3 Nxe4 10. Re1 Bxf3 11. Bxf3 Ng5 12. Bxg5 Bxg5 13. Bxc6+ bxc6 14. Rxe5+ Be7 15. Nd2 f6 16. Re6 Kd7 17. Rae1 Bd6 18. R6e4 Rhe8 19. Rxe8 Rxe8 20. Rxe8 Kxe8 21. Kf1 Kd7 22. Ke2 Ke6 23. Kd3 f5 24. Nc4 Bc5 25. f3 h5 26. h3 Bf2 27. g4 fxg4 28. fxg4 h4 29. Ke4 Bg3 30. a4 g5 31. b3 Bf4 32. Na5 Kd6 33. Nb7+ Ke6 34. Nc5+ Kd6 35. Nd3 Bd2 36. c4 a5 37.
c5+ Ke6 38. Ne5 Bb4 39. Nxc6 Bxc5 40. Nxa5 Bb6 41. Nc4 Bc5 42. a5 Ba7 43. b4 Kd7 44.
b5 Ke6 45. Ne5 Bc5 46. Nc6 Kd7 47. a6 Kc8 48. Kd5 Be3 49. Ne5 Kb8 50. Kc6 Bf4 51.
Nf3 Ka7 52. Nd4 1-0

[Event "Late-Titled-Tuesday-Blitz-December-26-2023"]
[Site "Chess.com"]
[Date "2023.12.26"]
[Round "3"]
[White "Fh2411"]
[Black "marvinguevara"]
[Result "1-0"]
[WhiteElo "2514"]
[BlackElo "2236"]
[TimeControl "180+1"]
[EndTime "14:26:38 PST"]
[Termination "Fh2411 won by resignation"]

1. d4 Nf6 2. Nf3 e6 3. Bf4 d5 4. e3 c5 5. c3 Nc6 6. Nbd2 Bd6 7. Bg3 O-O 8. Bd3 b6 9. e4 dxe4 10. Nxe4 Nxe4 11. Bxe4 Bb7 12. dxc5 Bxc5 13. Qa4 Qc8 14. Bxh7+ Kxh7 15. Qh4+ Kg8 16. Ng5 Rd8 17. Qh7+ Kf8 18. Qh8+ Ke7 19. Qxg7 Rf8 20. O-O-O Ke8 21. Nh7 Nd8 22.
Bd6 Bxd6 23. Rxd6 1-0

[Event "Late-Titled-Tuesday-Blitz-December-26-2023"]
[Site "Chess.com"]
[Date "2023.12.26"]
[Round "3"]
[White "SnekkerAndersen"]
[Black "pirulillo"]
[Result "1-0"]
[WhiteElo "2562"]
[BlackElo "2272"]
[TimeControl "180+1"]
[EndTime "14:26:38 PST"]
[Termination "SnekkerAndersen won by checkmate"]

1. d4 Nf6 2. c4 g6 3. g3 Bg7 4. Bg2 d6 5. e4 O-O 6. Nc3 e5 7. Nge2 c6 8. O-O Qa5 9. f4 exd4 10. Nxd4 Qc5 11. Kh1 Ng4 12. Nc2 Nf2+ 13. Rxf2 Qxf2 14. Be3 Qxg2+ 15. Kxg2 Na6 16. Qxd6 Be6 17. Rd1 Bxc4 18.
e5 Be6 19. Kg1 Rfe8 20. Ne4 Bf8 21. Qd2 Be7 22. Nd4 Rad8 23. Qc1 Bg4 24. Rd2 Nb4 25. Bf2 c5 26. Nb5 Nd3 27. Qc3 Nxf2 28. Kxf2 b6 29.
Nbd6 Rf8 30. Nc4 Bf5 31. Kf3 h5 32. Ne3 Bh3 33. Nf6+ Bxf6 34. exf6 Rde8 35. Nd5 Re6 36. Kf2 Kh7 37. Ne7 Re8 38. f5 gxf5 39. Rd5 f4 40. Rxh5# 1-0

[Event "Late-Titled-Tuesday-Blitz-December-26-2023"]
[Site "Chess.com"]
[Date "2023.12.26"]
[Round "3"]
[White "only_strong_moves"]
[Black "matagordo"]
[Result "1-0"]
[WhiteElo "2501"]
[BlackElo "2262"]
[TimeControl "180+1"]
[EndTime "14:26:39 PST"]
[Termination "only_strong_moves won by checkmate"]

1. d4 Nf6 2. Nc3 e6 3. e4 d5 4. f3 Bb4 5. e5 Nfd7 6. a3 Ba5 7.
b4 Bb6 8. Be3 f6 9. f4 O-O 10. Bd3 fxe5 11. fxe5 Qh4+ 12. g3 Qe7 13. Qh5 g6 14. Qh6 Qg7 15. Qh3 Rf7 16. Nge2 a5 17.
Kd2 axb4 18. axb4 Rxa1 19. Rxa1 Nc6 20. b5 Na7 21. Bh6 Qh8 22. Rxa7 Bxa7 23. Qxe6 Nf8 24. Qxc8 Bb6 25. Nxd5 g5 26. Ne7+ Rxe7 27. Qxf8# 1-0

[Event "Late-Titled-Tuesday-Blitz-December-26-2023"]
[Site "Chess.com"]
[Date "2023.12.26"]
[Round "3"]
[White "rasmussvane"]
[Black "dcremisi"]
[Result "1-0"]
[WhiteElo "2906"]
[BlackElo "2674"]
[TimeControl "180+1"]
[EndTime "14:26:40 PST"]
[Termination "rasmussvane won by resignation"]

1. Nf3 Nf6 2. g3 g6 3. Bg2 Bg7 4. O-O O-O 5. d4 d5 6. c4 c6 7. Qb3 Qb6 8. Nc3 dxc4 9. Qxc4 Be6 10. Qa4 Nd5 11. e4 Nxc3 12. bxc3 Qa6 13. Qc2 Bc4 14. Rd1 Nd7 15. Bf4 Rfe8 16. Nd2 Bd3 17. Qb3 e5 18.
Be3 exd4 19. cxd4 c5 20. dxc5 Bxa1 21. Rxa1 Rac8 22. Rc1 Bb5 23. Bd4 Ne5 24. Qe3 Nd3 25. Rc3 Qxa2 26. Rxd3 Bxd3 27. Qxd3 Red8 28. Qe3 b5 29. e5 b4 30. Ne4 Qc4 31. Qh6 Qc1+ 32. Qxc1 1-0

[Event "Late-Titled-Tuesday-Blitz-December-26-2023"]
[Site "Chess.com"]
[Date "2023.12.26"]
[Round "3"]
[White "Marcin"]
[Black "Mikhail_Golubev"]
[Result "1-0"]
[WhiteElo "2466"]
[BlackElo "2620"]
[TimeControl "180+1"]
[EndTime "14:26:41 PST"]
[Termination "Marcin won on time"]

1. d4 Nf6 2. c4 g6 3. Nc3 Bg7 4.
e4 d6 5. f4 O-O 6. Nf3 c5 7.
d5 e6 8. Be2 exd5 9. cxd5 b5 10. e5 dxe5 11. fxe5 Ng4 12. Bf4 b4 13. Ne4 Bb7 14.
Nd6 Nxe5 15. Nxb7 Nxf3+ 16. Bxf3 Qe7+ 17. Qe2 Qxb7 18. O-O Qd7 19. d6 Nc6 20. Qb5 Rfc8 21. Rae1 Rab8 22. Bxc6 Qxc6 23. Qxc6 Rxc6 24. d7 Rf8 25.
Re8 Bd4+ 26. Kh1 Bf6 27. Bh6 1-0

[Event "Late-Titled-Tuesday-Blitz-December-26-2023"]
[Site "Chess.com"]
[Date "2023.12.26"]
[Round "3"]
[White "Maitreia"]
[Black "Shankland"]
[Result "1-0"]
[WhiteElo "2728"]
[BlackElo "2929"]
[TimeControl "180+1"]
[EndTime "14:26:46 PST"]
[Termination "Maitreia won by resignation"]

1. c4 Nf6 2. Nc3 e6 3. e4 c5 4.
e5 Ng8 5. d4 cxd4 6. Qxd4 Nc6 7.
Qe4 d6 8. Nf3 dxe5 9. Nxe5 Nxe5 10. Qxe5 a6 11. Bf4 Ne7 12. Rd1 Bd7 13. Bd3 Ng6 14.
Bxg6 hxg6 15. Nd5 f6 16. Nc7+ Kf7 17. Qd4 Bb4+ 18. Ke2 Ba4 19. Nxa8 Bxd1+ 20. Rxd1 Qxa8 21. c5 e5 22. Qc4+ Ke7 23. Qxb4 exf4 24. c6+ Ke6 25.
Qe4+ Kf7 26. Rd7+ Kg8 27. Qxg6 1-0

[Event "Late-Titled-Tuesday-Blitz-December-26-2023"]
[Site "Chess.com"]
[Date "2023.12.26"]
[Round "3"]
[White "IlanSchnaider"]
[Black "h4parah5"]
[Result "0-1"]
[WhiteElo "2690"]
[BlackElo "2922"]
[TimeControl "180+1"]
[EndTime "14:26:47 PST"]
[Termination "h4parah5 won by resignation"]

1. e4 c5 2. Nf3 Nc6 3. Bb5 e6 4. O-O Nge7 5. d4 cxd4 6. Nxd4 a6 7. Be2 d5 8. exd5 Qxd5 9. Nxc6 Qxc6 10. Bf3 Qc7 11. Nc3 Bd7 12. Bg5 h6 13. Bh4 Nf5 14. Bg3 Nxg3 15. hxg3 O-O-O 16. Qe2 h5 17. Bxh5 g6 18.
Bf3 Bg7 19. Ne4 Bb5 20. c4 Bxc4 21. Qe3 Bxf1 22. Rxf1 Kb8 23. Rc1 Rd3 24. Qg5 Qe5 25. Qe7 Qxb2 26. Qc7+ Ka8 27. Ng5 Rd7 28. Qc4 Qb5 29. Qc2 Qxg5 30. Qa4 Qb5 0-1